 Dungeon Crawl Stone Soup version 0.22-a0-352-gc608dd7 (webtiles) character file.

23459 mortelune the Destroyer (level 12, -5/89 HPs)
             Began as a Demonspawn Wizard on Apr 14, 2018.
             Was an Elder of Vehumet.
             Slain by a black mamba (18 damage)
             ... on level 5 of the Lair of Beasts.
             The game lasted 01:41:39 (30719 turns).

mortelune the Destroyer (Demonspawn Wizard)        Turns: 30719, Time: 01:41:39

Health: -5/89      AC:  8    Str: 11    XL:     12   Next: 72%
Magic:  24/25      EV: 12    Int: 24    God:    Vehumet [****..]
Gold:   784        SH:  6    Dex: 13    Spells: 12/30 levels left

rFire    + . .     SeeInvis .   y - +6 hunting sling of the Eel {freeze, rElec rF+ Str+4}
rCold    + . .     Gourm    .   (no shield)
rNeg     . . .     Faith    .   E - +2 robe {rC+}
rPois    .         Spirit   .   b - +1 hat
rElec    +         Reflect  .   (no cloak)
rCorr    .         Harm     .   (gloves unavailable)
MR       .....                  K - +0 pair of boots
Stlth    ++........             (no amulet)
HPRegen  0.24/turn              k - +2 ring of protection
MPRegen  0.19/turn              (no ring)

@: no status effects
A: claws 3, large bone plates 2, demonic guardian 1, powered by pain 1
a: Renounce Religion


You were on level 5 of the Lair of Beasts.
You worshipped Vehumet.
Vehumet was greatly pleased with you.
You were very hungry.

You visited 3 branches of the dungeon, and saw 17 of its levels.
You also visited: Ice Cave.

You collected 784 gold pieces.

Inventory:

Hand Weapons
 j - a +0 spear
 l - a +0 club
 n - a +0 mace
 o - a -1 spear
 y - the +6 hunting sling of the Eel (weapon) {freeze, rElec rF+ Str+4}
   (You found it on level 5 of the Dungeon)

   It causes projectiles fired from it to freeze those they strike, causing
   extra injury to most foes and up to half again as much damage against
   particularly susceptible opponents.
   They can also slow down cold-blooded creatures.
   It affects your strength (+4).
   It protects you from fire.
   It insulates you from electricity.
 O - a +2 trident of venom
Missiles
 C - 229 stones (quivered)
Armour
 a - a +0 robe
 b - a +1 hat (worn)
 f - the +0 leather armour of the Cockatrice {SInv}
   (You found it on level 5 of the Lair of Beasts)

   It lets you see invisible.
 m - a +0 robe
 p - a +0 pair of gloves
 D - +0 ice dragon scales
 E - a +2 robe of cold resistance (worn)
 K - a +0 pair of boots (worn)
Jewellery
 e - an uncursed ring of ice
 k - a +2 ring of protection (left claw)
 P - an uncursed ring of positive energy
Wands
 u - a wand of flame (26)
 z - a wand of digging (16)
 F - a wand of paralysis (34)
 G - a wand of enslavement (4)
 J - a wand of disintegration (14)
Scrolls
 g - 3 scrolls of blinking
 i - 2 scrolls of enchant armour
 r - 4 scrolls of teleportation
 x - a scroll of fear
 B - 2 scrolls of fog
 H - 3 scrolls of enchant weapon
 M - 6 scrolls of remove curse
 N - 2 scrolls of amnesia
 Q - a scroll of identify
Potions
 c - 2 potions of curing
 h - 3 potions of haste
 q - 2 potions of might
 s - a potion of berserk rage
 t - a potion of cancellation
 v - 2 potions of agility
 w - 3 potions of degeneration
 A - 2 potions of mutation
 I - 2 potions of brilliance
 L - a potion of invisibility {unknown}
 S - a potion of heal wounds
Comestibles
 d - 14 rations


   Skills:
 * Level 6.9 Fighting
 + Level 7.5 Slings
 - Level 2.2 Dodging
 - Level 2.3 Stealth
 + Level 9.9 Spellcasting
 + Level 11.5 Conjurations
 + Level 4.6 Summonings
 - Level 0.8 Translocations
 - Level 8.2 Air Magic
 * Level 2.8 Poison Magic


You had 12 spell levels left.
You knew the following spells:

 Your Spells              Type           Power        Failure   Level  Hunger
a - Magic Dart            Conj           ####         1%          1    None
b - Call Imp              Summ           ####....     1%          2    None
c - Blink                 Tloc           N/A          5%          2    None
d - Mephitic Cloud        Conj/Pois/Air  #####...     1%          3    None
e - Conjure Flame         Conj/Fire      #####...     1%          3    None
f - Dazzling Spray        Conj/Hex       #####.       1%          3    None
g - Olgreb's Toxic Radia  Pois           ####....     4%          4    #......


Dungeon Overview and Level Annotations

Branches:
Dungeon (10/15)            Temple (1/1) D:7            Lair (6/6) D:9
  Swamp (0/4) Lair:4       Spider (0/4) Lair:2        Slime (0/5) Lair:5
    Orc: D:9-12

Altars:
Ashenzari
Cheibriados
Dithmenos
Elyvilon
Fedhas
Gozag
Hepliaklqana
Kikubaaqudgha
Makhleb
Nemelex Xobeh
Okawaru
Qazlal
Ru
Sif Muna
Trog
Uskayaw
Vehumet
Wu Jian
Xom
Yredelemnul
Zin
The Shining One
Lugonu

Annotations:
D:2 Sigmund
Lair:1 Nergalle
Lair:5 exclusion: oklob plant


Innate Abilities, Weirdness & Mutations

You have claws for hands.
You are mostly covered in large bone plates. (SH +6)
A weak demonic guardian rushes to your aid.
You sometimes gain a little power by taking damage.


Message History

Aim: a black mamba (severely wounded)
You shoot a stone.
The stone closely misses the black mamba.
The black mamba misses you.
Your shadow imp misses the black mamba.
The black mamba bites you!!
* * * LOW HITPOINT WARNING * * *
You focus on the pain.
You feel your power returning.
You feel better. You block the black mamba's attack.
Your shadow imp hits the black mamba.
Casting: Olgreb's Toxic Radiance (safe; 4% risk of failure)
Confirm with . or Enter, or press ? or * to list all spells.
You blink.
Firing (i - inventory)
C - 230 stones (quivered)
Press: ? - help, Shift-Dir - straight line, f/p - black mamba
Aim: a black mamba (severely wounded)
You shoot a stone. The stone misses the black mamba.
The black mamba closely misses you.
Your shadow imp barely misses the black mamba.
The black mamba bites you!!
You die...

# #### ###
.#.##########.########
#..##...#[##.##.#.##.#
.....................#
................@....#
...............5S....#
.#.............ยง.#...#
..##............(#...#
.###.........(..##...#
..###............#...##
..##P............#....#
..###............P....#
..##..................#


You could see a black mamba and a friendly shadow imp.

Vanquished Creatures
  3 hydras
  Sonja (Lair:2)
  2 black mambas
  6 elephants (Lair:5)
  3 spiny frogs
  A rime drake (Lair:1)
  4 komodo dragons
  2 ice devils
  6 hippogriffs
  6 dream sheep
  4 blink frogs
  4 wyverns
  12 yaks
  A hungry ghost (D:6)
  A human (D:8)
  3 vampire mosquitoes (Lair:4)
  2 wargs (D:9)
  10 water moccasins
  A sky beast (D:9)
  6 ice beasts
  5 ogres
  3 phantoms
  2 necrophages (D:6)
  10 crocodiles
  A centaur (D:5)
  11 bullfrogs
  3 scorpions
  A killer bee (D:6)
  4 wights
  An electric eel (Lair:4)
  4 howler monkeys
  A centaur zombie (D:10)
  A crimson imp (D:9)
  A quasit (D:7)
  3 hounds
  2 bullfrog skeletons
  2 orc priests
  7 orc wizards
  2 iguanas
  5 hell rats
  4 worker ants
  A killer bee zombie (D:10)
  A hound skeleton (D:9)
  5 adders
  5 gnolls
  A howler monkey skeleton (D:8)
  2 river rats (Lair:3)
  A shadow imp (D:9)
  2 oozes
  An adder skeleton (D:9)
  2 adder zombies
  A worm (D:4)
  10 dart slugs
  7 leopard geckos
  14 orcs
  3 giant cockroaches
  4 goblins
  A hobgoblin (D:3)
  9 jackals
  7 quokkas
  A ball python (D:7)
  5 bats
  6 frilled lizards
  4 kobolds
  8 rats
252 creatures vanquished.

Vanquished Creatures (collateral kills)
  Fannar (Lair:1)
  7 elephants
  A black mamba (Lair:5)
  2 komodo dragons
  A rime drake (Lair:3)
  3 dream sheep
  3 hippogriffs
  5 blink frogs
  3 yaks
  A redback (Lair:2)
  A hungry ghost (D:10)
  A steam dragon (Lair:3)
  2 basilisks
  A water moccasin (Lair:5)
  2 porcupines
  An ice beast (D:9)
  An orc warrior (D:9)
  A phantom (D:8)
  3 bullfrogs
  A scorpion (D:5)
  A water moccasin skeleton (D:6)
  3 killer bees (D:6)
  2 wights (D:10)
  A howler monkey (D:4)
  A crimson imp (D:3)
  2 hounds
  An orc priest (D:9)
  An orc wizard (D:4)
  2 iguanas
  2 worker ants
  A hound skeleton (D:4)
  An adder (D:2)
  2 gnolls (D:3)
  2 worms (D:2)
  3 dart slugs
  2 orcs
  5 jackals
  A frilled lizard (D:3)
  A kobold (D:2)
75 creatures vanquished.

Vanquished Creatures (others)
  A centaur skeleton (D:10)
  A hippogriff (D:10)
  A crocodile (Lair:2)
  A howler monkey zombie (D:10)
  An adder (D:10)
  2 bushes
  17 fungi
  34 plants
58 creatures vanquished.

Grand Total: 385 creatures vanquished

Notes
Turn   | Place    | Note
-------+----------+-------------------------------------------
     0 | D:1      | mortelune the Demonspawn Wizard began the quest for the Orb.
     0 | D:1      | Reached XP level 1. HP: 13/13 MP: 4/4
   596 | D:1      | Gained mutation: A weak demonic guardian rushes to your aid. [demonic ancestry]
   596 | D:1      | Reached XP level 2. HP: 14/19 MP: 0/6
  1099 | D:2      | Noticed Sigmund
  1535 | D:2      | Learned a level 2 spell: Call Imp
  1538 | D:2      | Learned a level 2 spell: Blink
  1657 | D:2      | Found a blossoming altar of Fedhas.
  1657 | D:2      | Found a stormy altar of Qazlal.
  1852 | D:2      | Gained mutation: You are partially covered in large bone plates. (SH +4) [demonic ancestry]
  1852 | D:2      | Reached XP level 3. HP: 16/24 MP: 0/7
  1961 | D:2      | Learned a level 3 spell: Mephitic Cloud
  2475 | D:3      | Reached skill level 2 in Conjurations
  2495 | D:3      | Noticed a phantom
  3790 | D:3      | Gained mutation: You have sharp fingernails. [demonic ancestry]
  3790 | D:3      | Reached XP level 4. HP: 27/30 MP: 0/9
  4332 | D:4      | Reached skill level 1 in Air Magic
  5452 | D:4      | Reached skill level 3 in Conjurations
  5464 | D:4      | Reached XP level 5. HP: 23/35 MP: 1/10
  6619 | D:4      | Found an ornate altar of the Wu Jian Council.
  6681 | D:4      | Found a shadowy altar of Dithmenos.
  6712 | D:4      | Gained mutation: You have very sharp fingernails. [demonic ancestry]
  6712 | D:4      | Reached XP level 6. HP: 33/41 MP: 0/12
  6735 | D:4      | Found a burning altar of Makhleb.
  6737 | D:4      | Found a shimmering altar of Xom.
  6744 | D:4      | Reached skill level 4 in Conjurations
  7175 | D:4      | Found a sacrificial altar of Ru.
  7176 | D:4      | Found an ancient bone altar of Kikubaaqudgha.
  7205 | D:5      | Entered Level 5 of the Dungeon
  7445 | D:5      | Learned a level 3 spell: Conjure Flame
  7483 | D:5      | Found a sparkling altar of Nemelex Xobeh.
  7587 | D:5      | Got a warped hunting sling
  7690 | D:5      | Noticed an ice beast
  7714 | D:5      | Killed an ice beast
  7952 | D:5      | Found a snail-covered altar of Cheibriados.
  8112 | D:6      | Reached skill level 5 in Conjurations
  8112 | D:6      | Gained mutation: You have claws for hands. [demonic ancestry]
  8112 | D:6      | Reached XP level 7. HP: 46/46 MP: 7/13
  8264 | D:6      | Got a bloodstained buckler
  8270 | D:6      | Identified the +3 buckler of the Moon Troll {-Tele rF+ Regen+} (You found it on level 6 of the Dungeon)
  8307 | D:6      | Noticed a two-headed ogre
  8958 | D:6      | Reached skill level 5 in Spellcasting
  8958 | D:6      | Reached skill level 6 in Conjurations
  9571 | D:7      | Noticed a hungry ghost
  9600 | D:6      | Killed a hungry ghost
  9600 | D:6      | Reached XP level 8. HP: 25/50 MP: 0/15
 10078 | D:7      | Found a staircase to the Ecumenical Temple.
 10087 | Temple   | Entered the Ecumenical Temple
 10120 | Temple   | Became a worshipper of Vehumet
 10340 | D:7      | Identified the +6 hunting sling of the Eel {freeze, rElec rF+ Str+4} (You found it on level 5 of the Dungeon)
 10697 | D:7      | Reached skill level 7 in Conjurations
 10791 | D:7      | Found a shattered altar of Ashenzari.
 11324 | D:8      | Found a hazy altar of Hepliaklqana.
 11406 | D:8      | Found a bloodstained altar of Trog.
 11758 | D:8      | Reached skill level 8 in Conjurations
 12118 | D:8      | Reached skill level 5 in Air Magic
 12118 | D:8      | Gained mutation: You sometimes gain a little power by taking damage. [demonic ancestry]
 12118 | D:8      | Reached XP level 9. HP: 55/55 MP: 9/18
 12476 | D:8      | Found a white marble altar of Elyvilon.
 12756 | D:8      | Found a basalt altar of Yredelemnul.
 12847 | D:9      | Reached * piety under Vehumet
 12847 | D:9      | Offered knowledge of Freeze by Vehumet.
 13004 | D:9      | Found a staircase to the Lair.
 13004 | D:9      | Reached skill level 1 in Slings
 13980 | D:9      | Found a glowing silver altar of Zin.
 14212 | D:9      | Reached skill level 9 in Conjurations
 15088 | D:10     | Entered Level 10 of the Dungeon
 15445 | D:10     | Reached XP level 10. HP: 55/61 MP: 2/20
 15674 | D:10     | Offered knowledge of Flame Tongue by Vehumet.
 15868 | D:9      | Reached ** piety under Vehumet
 17036 | Lair:1   | Entered Level 1 of the Lair of Beasts
 17065 | Lair:1   | Noticed Fannar
 17072 | Lair:1   | Found a frozen archway.
 17128 | D:9      | HP: 3/61 [hippogriff (7)]
 17699 | IceCv    | Entered an ice cave
 17699 | IceCv    | Noticed a white ugly thing
 17705 | IceCv    | Found a transporter.
 18118 | Lair:1   | Killed Fannar
 18263 | Lair:1   | Noticed Nergalle
 18328 | Lair:1   | Noticed a spiny frog
 18343 | Lair:1   | Killed a spiny frog
 18364 | Lair:1   | Reached skill level 5 in Slings
 18364 | Lair:1   | Reached skill level 10 in Conjurations
 19291 | Lair:2   | Found a hole to the Spider Nest.
 19299 | Lair:2   | Noticed an eight-headed hydra
 19333 | Lair:2   | Killed an eight-headed hydra
 19333 | Lair:2   | Reached XP level 11. HP: 18/68 MP: 5/23
 19774 | Lair:2   | Offered knowledge of Dazzling Spray by Vehumet.
 20111 | Lair:2   | Noticed Sonja
 20127 | Lair:2   | Killed Sonja
 22435 | Lair:3   | Reached skill level 1 in Fighting
 23331 | Lair:3   | HP: 2/72 [black mamba (15)]
 24000 | Lair:4   | Noticed a five-headed hydra
 24011 | Lair:4   | Killed a five-headed hydra
 24314 | Lair:4   | Reached *** piety under Vehumet
 24491 | Lair:4   | Learned a level 3 spell: Dazzling Spray
 25096 | Lair:4   | Found a staircase to the Swamp.
 25347 | Lair:4   | Reached skill level 11 in Conjurations
 25956 | Lair:5   | Offered knowledge of Olgreb's Toxic Radiance by Vehumet.
 25956 | Lair:5   | Gained mutation: You are mostly covered in large bone plates. (SH +6) [demonic ancestry]
 25956 | Lair:5   | Reached XP level 12. HP: 45/84 MP: 15/25
 26204 | Lair:5   | Learned a level 4 spell: Olgreb's Toxic Radiance
 26298 | Lair:5   | Got a fine leather armour
 26299 | Lair:5   | Identified the +0 leather armour of the Cockatrice {SInv} (You found it on level 5 of the Lair of Beasts)
 26324 | Lair:5   | Noticed a four-headed hydra
 26547 | Lair:4   | Killed a four-headed hydra
 26866 | Lair:5   | Reached skill level 5 in Fighting
 28597 | Lair:5   | Found a staircase to the Slime Pits.
 28713 | Lair:6   | Entered Level 6 of the Lair of Beasts
 28819 | Lair:5   | Reached skill level 1 in Poison Magic
 30283 | Lair:6   | Reached **** piety under Vehumet
 30719 | Lair:5   | Slain by a black mamba

Vault maps used:
D:1:      dpeg_arrival_simpleton_c
D:2:      grunt_temple_overflow_forces_of_nature, first_ration,
          grunt_ministairs_14, uniq_sigmund
D:3:      minmay_checkerbox
D:4:      kennysheep_slugbush, grunt_temple_overflow_champion_of_chaos,
          grunt_dithmenos_smoke_and_mirrors, kennysheep_mini_moat, minitemple
D:5:      nemelex_xobeh_ov_fountains_minmay, cheibriados_altar_1
D:7:      cheibrodos_ashenzari_chains, minmay_temple_entry_junction
D:8:      kennysheep_ying_yang, bloody_trog, overflow_temple_1_default,
          grunt_pizzeria
D:9:      marbit_many_paths, erik_lair_orcish_takeover
D:10:     lemuel_flame_loot_1
Temple:   corrupted_temple
Lair:1:   portal_ice_cave_demonic_guard, grunt_megastairs_3,
          serial_bayou_shore_a, uniq_fannar, uniq_nergalle
Lair:2:   spider_nest_entry_webs, uniq_sonja
Lair:3:   kennysheep_abandoned_house, infiniplex_staircase_pool_2
Lair:4:   minmay_swamp_entry_swarm, lemuel_fruit_fields,
          infiniplex_staircase_pool
Lair:5:   dpeg_slime_entry_corner, serial_bayou_pond_a, st_stairs_13
Lair:6:   hangedman_lair_tendril_chambers, wormcave, serial_bayou_ford_a,
          serial_bayou_shore_b
IceCv:    ice_cave_statue_garden_teleport

Skill      XL: |  1  2  3  4  5  6  7  8  9 10 11 12 |
---------------+-------------------------------------+-----
Stealth        | 2 |  2.3
Dodging        | 2 |  2.2
Conjurations   | 2 3 5 6 8 9 10 11 | 11.5
Air Magic      | 1 2 3 5 6 7 8 |  8.2
Spellcasting   | 4 5 6 7 8 9 |  9.9
Slings         | 3 5 6 7 |  7.5
Fighting       | 4 6 |  6.9
Summonings     | 3 4 |  4.6
Poison Magic   | 2 |  2.8
Translocations | |  0.8

Action                   |  1- 3 |  4- 6 |  7- 9 | 10-12 || total
-------------------------+-------+-------+-------+-------++-------
Melee: Unarmed           |    12 |       |       |       ||    12
       Club              |     3 |       |       |       ||     3
       Spear             |    18 |    19 |    31 |       ||    68
       Hunting sling     |       |       |     8 |     2 ||    10
       Trident           |       |       |       |    24 ||    24
 Fire: Hunting sling     |       |       |    68 |   253 ||   321
Throw: Stone             |       |       |       |     3 ||     3
 Cast: Magic Dart        |    96 |   187 |   393 |   549 ||  1225
       Call Imp          |    11 |    23 |    46 |   118 ||   198
       Blink             |       |     3 |     5 |    72 ||    80
       Mephitic Cloud    |       |     1 |     7 |    18 ||    26
       Conjure Flame     |       |     1 |    16 |    31 ||    48
       Dazzling Spray    |       |       |       |    29 ||    29
       Olgreb's Toxic Ra |       |       |       |    17 ||    17
Evoke: Wand              |       |       |       |     2 ||     2
       Box of beasts     |       |       |       |     1 ||     1
  Use: Scroll            |     9 |     1 |     3 |    15 ||    28
       Potion            |     1 |       |       |     9 ||    10
  Eat: Ration            |     2 |     2 |     2 |     5 ||    11
       Chunk             |     2 |     6 |    18 |    28 ||    54
Armor: Robe              |     6 |    10 |    61 |   108 ||   185
       Ice dragon scales |       |       |       |     7 ||     7
Dodge: Dodged            |    35 |    40 |   130 |   236 ||   441
Block: Other             |     5 |    16 |    25 |    77 ||   123
       Buckler           |       |       |    14 |       ||    14

Table legend:
 A = Spawn XP
 B = Non-spawn XP
 C = Spawn XP percentage of total XP
 D = Spawn monster count
 E = Non-spawn monster count
 F = Spawn count percentage of total count
 G = Total turns spent on level
                    A         B        C        D         E        F      G
               +---------+---------+-------+---------+---------+-------+---------
         Total |       0 |   33513 |   0.0 |       0 |     328 |   0.0 | 30719
               +---------+---------+-------+---------+---------+-------+---------
           D:1 |       0 |      20 |   0.0 |       0 |      10 |   0.0 |  1531
           D:2 |       0 |      46 |   0.0 |       0 |      12 |   0.0 |   963
           D:3 |       0 |      95 |   0.0 |       0 |      24 |   0.0 |  3520
           D:4 |       0 |     281 |   0.0 |       0 |      29 |   0.0 |  1191
           D:5 |       0 |     283 |   0.0 |       0 |       6 |   0.0 |  1120
           D:6 |       0 |     697 |   0.0 |       0 |      15 |   0.0 |  1497
           D:7 |       0 |     464 |   0.0 |       0 |      14 |   0.0 |  1080
           D:8 |       0 |    1319 |   0.0 |       0 |      32 |   0.0 |  2204
           D:9 |       0 |    2409 |   0.0 |       0 |      32 |   0.0 |  2748
          D:10 |       0 |    1682 |   0.0 |       0 |      29 |   0.0 |  1778
        Lair:1 |       0 |    3114 |   0.0 |       0 |      15 |   0.0 |  1489
        Lair:2 |       0 |    2566 |   0.0 |       0 |      14 |   0.0 |  2142
        Lair:3 |       0 |    3868 |   0.0 |       0 |      30 |   0.0 |  3269
        Lair:4 |       0 |    6360 |   0.0 |       0 |      27 |   0.0 |  2041
        Lair:5 |       0 |    7510 |   0.0 |       0 |      26 |   0.0 |  3593
        Lair:6 |       0 |    2799 |   0.0 |       0 |      13 |   0.0 |   475
               +---------+---------+-------+---------+---------+-------+---------
